 Dungeon Crawl Stone Soup version 0.20-a0-555-gf6ae02d (webtiles) character file.

5579 Klosterheim the Cleaver (level 10, 0/84 HPs)
             Began as a Demonspawn Fighter on Jan 26, 2017.
             Was an Elder of Okawaru.
             Killed by divine providence
             ... invoked by an orc priest
              (12 damage)
             ... on level 9 of the Dungeon on Feb 5, 2017.
             The game lasted 00:15:31 (8418 turns).

Klosterheim the Cleaver (Demonspawn Fighter)        Turns: 8418, Time: 00:15:33

Health: 0/84       AC: 15    Str: 22    XL:     10   Next: 44%
Magic:  0/14       EV:  7    Int:  9    God:    Okawaru [****..]
Gold:   281        SH:  4    Dex: 14    Spells: 9/9 levels left

rFire    + . .     SeeInvis .   a - +0 war axe
rCold    x . .     Gourm    .   w - +0 chain mail {MR+}
rNeg     . . .     Faith    .   (no shield)
rPois    .         Spirit   +   (helmet restricted)
rElec    .         Reflect  +   o - +0 cloak
rCorr    .         Harm     .   C - +0 pair of gloves
MR       ++...                  d - +0 pair of boots
Stlth    ..........             i - +4 amulet of reflection
Regen    0.3/turn               n - +1 ring of protection
                                q - ring of Neqaun {Fire MR+ Str+3}

@: no status effects
A: horns 1, rugged brown scales 2, powered by death 2, magic shield
a: Heroism, Renounce Religion


You were on level 9 of the Dungeon.
You worshipped Okawaru.
Okawaru was greatly pleased with you.
You were not hungry.

You visited 2 branches of the dungeon, and saw 10 of its levels.

You collected 446 gold pieces.
You spent 165 gold pieces at shops.

Inventory:

Hand Weapons
 a - a +0 war axe (weapon)
Armour
 d - a +0 pair of boots (worn)
 o - a +0 cloak (worn)
 w - a +0 chain mail of magic resistance (worn)
 C - a +0 pair of gloves (worn)
Jewellery
 b - an uncursed ring of magical power {unknown}
 i - a +4 amulet of reflection (around neck)
 n - a +1 ring of protection (right hand)
 q - the ring of Neqaun (left hand) {Fire MR+ Str+3}
   (You bought it in a shop on level 5 of the Dungeon)

   [ring of fire]

   It enhances your fire magic.
   It affects your strength (+3).
   It protects you from fire.
   It makes you vulnerable to cold.
   It affects your resistance to hostile enchantments.
Wands
 g - a wand of paralysis (9/24)
 k - a wand of iceblast (5/15)
Scrolls
 e - 2 scrolls of fear
 h - 2 scrolls of identify
 t - a scroll of remove curse
 u - a scroll of teleportation
 v - a scroll of enchant armour {unknown}
 x - a scroll of blinking
 y - a scroll of magic mapping {unknown}
Potions
 c - 3 potions of flight
 p - a potion of curing
 r - a potion of cancellation
 s - 3 potions of haste
 z - 2 potions of lignification
 B - 2 potions of brilliance
Comestibles
 f - 10 bread rations
 j - 4 meat rations
 l - 5 royal jellies
 m - 12 fruits
 A - 11 chunks of flesh


   Skills:
 - Level 7.7 Fighting
 * Level 12.0 Axes
 - Level 2.6 Armour
   Level 2.6 Shields
 + Level 5.9 Invocations


You had 9 spell levels left.
You didn't know any spells.

Dungeon Overview and Level Annotations

Branches:
Dungeon (9/15)             Temple (1/1) D:6
   Lair: D:8-11         Orc: D:9-12

Altars:
Ashenzari
Dithmenos
Kikubaaqudgha
Makhleb
Nemelex Xobeh
Okawaru
Qazlal
Sif Muna
Xom
Yredelemnul
Zin
The Shining One

Shops:
D:5 *


Innate Abilities, Weirdness & Mutations

You have a pair of small horns on your head.
You are mostly covered in rugged brown scales. (AC +2, +5% HP)
You regenerate health from kills.
When hurt, damage is shared between your health and your magic reserves.


Message History

Okawaru accepts your kill.
The orc wizard gestures wildly while chanting.
The orc wizard flickers and vanishes!
Deactivating autopickup; reactivate with Ctrl-A.
The orc warrior barely misses you.
There is a stone staircase leading up here.
The orc priest mumbles some strange prayers to Beogh against you.
Beogh smites you!
The orc warrior hits you but does no damage.
The orc warrior hits you from afar with a halberd!
There is a stone staircase leading up, spattered with blood here.
You closely miss the orc warrior.
You headbutt the orc warrior, but do no damage.
The orc warrior is heavily wounded.
The orc warrior closely misses you.
The orc warrior hits you from afar with a halberd!!
* * * LOW HITPOINT WARNING * * *
The orc priest calls down the wrath of Beogh upon you.
Beogh smites you!
You die...

.<......#
#.....>.#
#........
##.......#
.........#
#.......
#...#####
#..@oS#
#####oo.....
###.... ...
#


You could see 2 orc warriors, an orc priest and an adder.

Vanquished Creatures
  A two-headed ogre (D:8)
  The ghost of Vesto the Chopper, a novice HOFi of Okawaru (D:7)
  Grinder (D:5)
  A yak (D:8)
  A wyvern (D:8)
  3 hogs (D:8)
  A human (D:8)
  A steam dragon (D:8)
  An ice beast (D:8)
  An orc warrior (D:7)
  4 black bears
  2 ogres
  3 centaurs
  4 bullfrogs
  A scorpion (D:7)
  5 killer bees (D:3)
  4 wights (D:8)
  A centaur zombie (D:8)
  10 crimson imps
  2 bullfrog zombies
  3 hounds
  8 orc priests
  A centaur skeleton (D:6)
  2 gnoll shamans (D:6)
  9 orc wizards
  Crazy Yiuf (D:5)
  A bullfrog skeleton (D:4)
  An iguana (D:8)
  4 worker ants
  8 gnolls
  A howler monkey skeleton (D:7)
  15 adders
  2 oozes
  4 adder skeletons
  A worm (D:5)
  A dart slug (D:2)
  7 leopard geckos
  38 orcs
  6 bats
  6 giant cockroaches
  2 gnoll zombies (D:6)
  6 goblins
  9 hobgoblins
  5 jackals (D:3)
  A quokka (D:3)
  6 frilled lizards
  5 kobolds
  A leopard gecko skeleton (D:5)
  A quokka zombie (D:6)
  7 rats
210 creatures vanquished.

Vanquished Creatures (others)
  2 fungi (D:9)
2 creatures vanquished.

Grand Total: 212 creatures vanquished

Notes
Turn   | Place    | Note
-------+----------+-------------------------------------------
     0 | D:1      | Klosterheim the Demonspawn Fighter began the quest for the Orb.
     0 | D:1      | Reached XP level 1. HP: 18/18 MP: 1/1
    26 | D:1      | Reached skill level 2 in Axes
   126 | D:1      | Gained mutation: You regenerate a little health from kills. [demonic ancestry]
   126 | D:1      | Reached XP level 2. HP: 24/24 MP: 2/2
   903 | D:2      | Gained mutation: When hurt, damage is shared between your health and your magic reserves. [demonic ancestry]
   903 | D:2      | Reached XP level 3. HP: 9/29 MP: 3/3
   925 | D:2      | HP: 1/29 [poisoned by an adder]
  1409 | D:2      | Reached skill level 3 in Axes
  2245 | D:3      | Gained mutation: You are partially covered in rugged brown scales. (AC +1, +3% HP) [demonic ancestry]
  2245 | D:3      | Reached XP level 4. HP: 8/38 MP: 2/4
  2557 | D:3      | Reached skill level 4 in Axes
  2557 | D:3      | Gained mutation: You have a pair of small horns on your head. [demonic ancestry]
  2557 | D:3      | Reached XP level 5. HP: 38/43 MP: 5/5
  2570 | D:3      | Reached XP level 6. HP: 44/50 MP: 2/6
  2576 | D:3      | Reached skill level 5 in Axes
  2907 | D:3      | Reached skill level 5 in Fighting
  2974 | D:3      | Paralysed by an orc for 4 turns
  3558 | D:4      | Found an ancient bone altar of Kikubaaqudgha.
  3578 | D:4      | Reached XP level 7. HP: 47/57 MP: 7/7
  3733 | D:4      | Found a glowing golden altar of the Shining One.
  3830 | D:5      | Entered Level 5 of the Dungeon
  3937 | D:5      | Reached skill level 6 in Axes
  3985 | D:5      | Found Wicommor's Assorted Antiques.
  3992 | D:5      | Bought a flickering bone ring for 165 gold pieces
  3992 | D:5      | Identified the ring of Neqaun {Fire MR+ Str+3} (You bought it in a shop on level 5 of the Dungeon)
  4164 | D:5      | Noticed Grinder
  4173 | D:5      | Paralysed by Grinder for 6 turns
  4180 | D:5      | Killed Grinder
  4197 | D:5      | Reached skill level 7 in Axes
  4333 | D:5      | Found a runed door.
  4524 | D:5      | Gained mutation: You are mostly covered in rugged brown scales. (AC +2, +5% HP) [demonic ancestry]
  4524 | D:5      | Reached XP level 8. HP: 54/67 MP: 6/8
  4933 | D:5      | Noticed Crazy Yiuf
  4937 | D:5      | Killed Crazy Yiuf
  5072 | D:6      | Found a staircase to the Ecumenical Temple.
  5089 | D:6      | Reached skill level 8 in Axes
  5109 | Temple   | Entered the Ecumenical Temple
  5117 | Temple   | Became a worshipper of Warmaster Okawaru
  5345 | D:6      | Found a basalt altar of Yredelemnul.
  5599 | D:5      | Reached * piety under Okawaru
  5806 | D:6      | Reached skill level 9 in Axes
  5971 | D:7      | Gained mutation: You regenerate health from kills. [demonic ancestry]
  5971 | D:7      | Reached XP level 9. HP: 50/75 MP: 5/9
  6092 | D:7      | Noticed Vesto's ghost (novice HOFi)
  6113 | D:7      | Killed Vesto's ghost
  6113 | D:7      | Reached ** piety under Okawaru
  6307 | D:7      | Upgraded the game from 0.20-a0-522-g0b37eee to 0.20-a0-555-gf6ae02d
  6437 | D:7      | Reached skill level 10 in Axes
  7345 | D:8      | Reached skill level 1 in Invocations
  7359 | D:8      | Reached skill level 11 in Axes
  7363 | D:8      | Reached *** piety under Okawaru
  7516 | D:8      | Reached XP level 10. HP: 69/84 MP: 7/12
  7884 | D:8      | Noticed a two-headed ogre
  7890 | D:8      | Killed a two-headed ogre
  7890 | D:8      | Reached **** piety under Okawaru
  7890 | D:8      | Reached skill level 5 in Invocations
  8393 | D:9      | Reached skill level 12 in Axes
  8418 | D:9      | Killed from afar by an orc priest

Vault maps used:
D:1:      dpeg_arrival_rooms_a, serial_park_tiny_pond, hangedman_decor_slide_cut
D:2:      first_bread
D:3:      st_stairs_4
D:4:      tso_altar, overflow_temple_1_default
D:5:      serial_shops, shop, st_stairs_3, columned_hall_lemuel, uniq_grinder,
          uniq_crazy_yiuf_cottage
D:6:      lemuel_zombie_altar_yredelemnul,
          minmay_temple_entry_statues_fountains, st_stairs_4
D:8:      grunt_livestock
D:9:      due_lair_maze_entry_diamond, enter_bailey_3
Temple:   eino_narrow_crystal_temple

Skill      XL: |  1  2  3  4  5  6  7  8  9 10 |
---------------+-------------------------------+-----
Axes           | 2 3 4 5 7 9 11 12 | 12.0
Fighting       | 4 5 7 |  7.7
Invocations    | 3 5 |  5.9
Armour         | |  2.6
Shields        | |  2.6

Action                   |  1- 3 |  4- 6 |  7- 9 | 10-12 || total
-------------------------+-------+-------+-------+-------++-------
Melee: War axe           |   161 |   104 |   409 |   102 ||   776
       Headbutt          |       |    16 |    95 |    21 ||   132
Invok: Heroism           |       |       |       |     1 ||     1
Evoke: Wand              |       |       |     2 |       ||     2
  Use: Potion            |     1 |     2 |       |       ||     3
       Scroll            |       |     7 |    10 |       ||    17
 Stab: Paralysed         |       |       |     2 |       ||     2
  Eat: Chunk             |     4 |     4 |    14 |     3 ||    25
Armor: Scale mail        |    91 |    55 |   101 |       ||   247
       Chain mail        |       |     9 |    85 |    61 ||   155
Dodge: Dodged            |    92 |    57 |   159 |    29 ||   337
Block: Other             |       |    12 |    74 |    17 ||   103
       Reflection        |       |       |     2 |       ||     2
